 Dungeon Crawl Stone Soup version 0.23.1 (webtiles) character file.

Game seed: 8208487468900793316

107 Yunesin the Chopper (level 4, 0/41 HPs)
             Began as a Hill Orc Fighter on Mar 15, 2019.
             Slain by an orc wizard
             ... wielding a +2 dagger of pain
              (3 damage)
             ... on level 4 of the Dungeon.
             The game lasted 00:04:19 (1399 turns).

Yunesin the Chopper (Hill Orc Fighter)              Turns: 1399, Time: 00:04:20

Health: 0/41       AC: 11    Str: 18    XL:     4   Next: 85%
Magic:  4/4        EV:  3    Int:  9    God:
Gold:   103        SH:  9    Dex: 10    Spells: 3/3 levels left

rFire    . . .     SeeInvis .   a - +0 war axe
rCold    . . .     Gourm    .   c - +0 shield
rNeg     . . .     Faith    .   h - +0 plate armour
rPois    .         Spirit   .   (helmet restricted)
rElec    .         Reflect  .   (no cloak)
rCorr    .         Harm     .   (no gloves)
MR       .....                  (no boots)
Stlth    ..........             (no amulet)
HPRegen  0.00/turn              (no ring)
MPRegen  0.09/turn              (no ring)

@: no status effects
A: horns 1, inhibited regeneration
a: no special abilities


You were on level 4 of the Dungeon.
You were not hungry.

You visited 1 branch of the dungeon, and saw 4 of its levels.

You collected 103 gold pieces.

Inventory:

Hand Weapons
 a - a +0 war axe (weapon)
Armour
 c - a +0 shield (worn)
 h - a +0 plate armour (worn)
Scrolls
 e - 2 scrolls of teleportation {unknown}
 i - 3 scrolls of enchant weapon {unknown}
 j - a scroll of magic mapping {unknown}
 l - 2 scrolls of identify {unknown}
 m - a scroll of enchant armour {unknown}
 n - a scroll of fog {unknown}
 q - 2 scrolls of noise {unknown}
Potions
 d - a potion of might
 o - a potion of ambrosia {unknown}
 p - 3 potions of curing {unknown}
 r - a potion of haste {unknown}
Comestibles
 f - 7 rations
 g - 10 chunks of flesh


   Skills:
 + Level 4.3 Fighting
 * Level 4.6 Axes
 + Level 3.9 Armour
 + Level 4.0 Shields


You had 3 spell levels left.
You didn't know any spells.
Your spell library was empty.

Dungeon Overview and Level Annotations

Branches:
Dungeon (4/15)             Temple (0/1) D:4

Altars:


Innate Abilities, Weirdness & Mutations

You have a pair of small horns on your head.
You do not regenerate when monsters are visible.


Message History

The orc wizard hits you with a +2 dagger of pain.
* * * LOW HITPOINT WARNING * * *
You writhe in agony.
* * * LOW HITPOINT WARNING * * *
You closely miss the orc wizard.
The orc wizard is lightly wounded.
The orc wizard hits you with a +2 dagger of pain.
* * * LOW HITPOINT WARNING * * *
You writhe in agony.
* * * LOW HITPOINT WARNING * * *
The orc wizard hits you but does no damage.
You writhe in agony.
* * * LOW HITPOINT WARNING * * *
It was a potion of mutation.
You feel extremely strange.
Your regeneration stops near monsters.
A pair of horns grows on your head!
The orc wizard hits you but does no damage.
It was a potion of magic.
Magic courses through your body. You block the orc wizard's attack.
The orc wizard hits you with a +2 dagger of pain.
You die...

#..#.#..PP# ..
#.#..........# ..
.)...#.#..### .
..........# #.
.....#.##.#
#.##.#.##.##.########
......##.##.........
#.o..##.##.#.#.....
#.@).##.####.# ...
#....#.......# .
#....#..######
###....#..#
...........#
####....#.## #....#.#
#....#.# #....#.#


You could see an orc wizard.

Vanquished Creatures
  A worker ant (D:2)
  A howler monkey skeleton (D:4)
  An adder (D:2)
  2 oozes
  An adder skeleton (D:4)
  A worm (D:4)
  7 orcs
  A bat (D:2)
  A giant cockroach (D:2)
  3 goblins
  3 hobgoblins
  10 jackals (D:1)
  3 ball pythons
  4 frilled lizards
  3 rats
42 creatures vanquished.

Notes
Turn   | Place    | Note
-------+----------+-------------------------------------------
     0 | D:1      | Yunesin the Hill Orc Fighter began the quest for the Orb.
     0 | D:1      | Reached XP level 1. HP: 19/19 MP: 1/1
   117 | D:1      | Reached XP level 2. HP: 27/27 MP: 2/2
   634 | D:1      | Reached XP level 3. HP: 32/33 MP: 3/3
   813 | D:2      | Reached XP level 4. HP: 35/40 MP: 4/4
  1111 | D:2      | You fall through a shaft for 2 floors!
  1112 | D:4      | Found a staircase to the Ecumenical Temple.
  1398 | D:4      | Gained mutation: You do not regenerate when monsters are
                  | visible. [potion of mutation]
  1398 | D:4      | Gained mutation: You have a pair of small horns on your
                  | head. [potion of mutation]
  1399 | D:4      | Slain by an orc wizard

Skill      XL: |  1  2  3  4 |
---------------+-------------+-----
Axes           | 3 4 |  4.6
Fighting       | 4 |  4.3
Shields        | 4 |  4.0
Armour         | |  3.9

Action                   |  1- 3 |  4- 6 || total
-------------------------+-------+-------++-------
Melee: War axe           |    84 |    75 ||   159
  Use: Potion            |       |     2 ||     2
  Eat: Chunk             |       |     2 ||     2
Armor: Scale mail        |    10 |       ||    10
       Plate armour      |    54 |    79 ||   133
Dodge: Dodged            |    13 |    18 ||    31
Block: Shield            |    44 |    43 ||    87
